 Dungeon Crawl Stone Soup version 0.15-a0-2036-g5428f20 (webtiles) character file.

231 AvylaarBelgium the Magician (level 5, 0/28 HPs)
             Began as a Deep Elf Fire Elementalist on July 13, 2014.
             Killed from afar by an orc wizard (6 damage)
             ... with a magic dart
             ... on Level 4 of the Dungeon.
             The game lasted 00:10:35 (2412 turns).

AvylaarBelgium the Magician (DEFE)                  Turns: 2412, Time: 00:10:35

HP   0/28        AC  2     Str 11      XL: 5   Next: 73%
MP  11/19        EV 12     Int 26      God:
Gold 104         SH  0     Dex 20      Spells:  3 memorised,  7 levels left

rFire  + . .     SeeInvis .     n - +2 hand axe (venom)
rCold  + . .     Clarity  .     a - +0 robe
rNeg   . . .     rCorr    .     E - +0 buckler
rPois  +         rRot     .     (no helmet)
rElec  +         Spirit   .     (no cloak)
SustAb .         Warding  .     (no gloves)
rMut   .         Stasis   .     (no boots)
Gourm  .                        (no amulet)
MR     .....                    m - +6 ring of strength
                                y - +5 ring of dexterity

@: confused, brilliant, resistant, flying, very slightly contaminated, hasted,
very quick, not resistant to hostile enchantments, very unstealthy
A: no striking features
a: no special abilities


You were on level 4 of the Dungeon.
You were not hungry.

You visited 1 branch of the dungeon, and saw 4 of its levels.

You collected 104 gold pieces.

Inventory:

Hand weapons
 f - a +0 short sword
 n - a +2 hand axe of venom (weapon)
 v - a +2 mace of holy wrath
Missiles
 p - 23 stones (quivered)
 r - 15 arrows of dispersal
 D - 14 bolts of flame
Armour
 a - a +0 robe (worn)
 E - a +0 buckler (worn)
Comestibles
 c - 4 bread rations
 i - 5 fruits
 o - 3 meat rations
 B - a slice of pizza
Scrolls
 d - a scroll of amnesia {unknown}
 e - a scroll of enchant weapon {unknown}
 h - a scroll of enchant armour {unknown}
 j - a scroll of remove curse {unknown}
 l - 2 scrolls of identify {unknown}
 t - a scroll of teleportation {unknown}
 u - a scroll of recharging {unknown}
 w - 2 scrolls of random uselessness {unknown}
Jewellery
 g - an uncursed ring of protection from magic
 m - a +6 ring of strength (right hand)
 y - a +5 ring of dexterity (left hand)
Potions
 A - 3 potions of brilliance
Books
 b - a book of Flames

   Spells                             Type                      Level
   *Flame Tongue                      Conjuration/Fire             1
   *Throw Flame                       Conjuration/Fire             2
   Conjure Flame                      Conjuration/Fire             3
   Inner Flame                        Hexes/Fire                   3
   *Sticky Flame                      Conjuration/Fire             4
   Fireball                           Conjuration/Fire             5
 q - a book of Alchemy

   Spells                             Type                      Level
   Sublimation of Blood               Necromancy                   2
   Alistair's Intoxication            Transmutation/Poison         4
   Condensation Shield                Ice                          4
   Petrify                            Transmutation/Earth          4
   Ignite Poison                      Fire/Transmutation           5
Magical staves
 F - an uncursed staff of summoning


   Skills:
 - Level 2.5 Dodging
 - Level 2.4 Stealth
 + Level 0.0 Shields
 - Level 5.4 Spellcasting
 - Level 3.2 Conjurations
 - Level 5.0 Fire Magic


You had 7 spell levels left.
You knew the following spells:

 Your Spells              Type           Power        Failure   Level  Hunger
a - Flame Tongue          Conj/Fire      #####        1%          1    None
b - Throw Flame           Conj/Fire      #####.       1%          2    None
c - Sticky Flame          Conj/Fire      #####...     2%          4    ###....


Dungeon Overview and Level Annotations

Branches:
Dungeon (4/15)
 Temple: D:4-7

Altars:
Qazlal


Message History

You are very lightly contaminated with residual magic.
Drink which item? (? for menu, Esc to quit)
You feel protected.
It was a potion of resistance.
The orc wizard barely misses you.
Drink which item? (? for menu, Esc to quit)
You feel very buoyant.
You fly up into the air.
It was a potion of flight.
The orc wizard hits you with a dagger. x2
* * * LOW HITPOINT WARNING * * *
Drink which item? (? for menu, Esc to quit)
You are more confused.
It was a potion of confusion.
The orc wizard barely misses you.
The orc wizard mumbles some strange words.
The orc wizard flickers and vanishes!
Deactivating autopickup; reactivate with Ctrl-A.
Drink which item? (? for menu, Esc to quit)
You feel refreshed.
It was a potion of restore abilities.
The orc wizard casts a spell at you. The magic dart hits you!
You die...

.. #........ #.
#........ #. +.
######........
#..###.
#.............
...Z...##
#.>...###.####
...o>....##
#.....# #.# #Zo#
#.....# #.# ##o##
#.....# #.#
....##.@###.....#
#.#
.................#
#.#
....####........#
#.# ... ##...#.###
#.# . #...#.# #.#
## #...#.# #.##..
#...#...###.#...
......)...).)...
...
....########.##..


You could see an orc wizard, an orc and an orc skeleton.

Vanquished Creatures
  A hound (D:4)
  An orc wizard (D:4)
  An ogre zombie (D:3)
  5 adders
  2 worms
  4 giant geckos
  10 orcs
  A ball python (D:2)
  5 giant cockroaches
  12 goblins
  11 hobgoblins
  4 jackals
  7 kobolds
  2 quokkas
  5 bats
  2 giant newts (D:1)
  A quokka skeleton (D:4)
  11 rats
  A rat skeleton (D:4)
86 creatures vanquished.

Notes
Turn   | Place    | Note
--------------------------------------------------------------
     0 | D:1      | AvylaarBelgium, the Deep Elf Fire Elementalist, began the quest for the Orb.
     0 | D:1      | Reached XP level 1. HP: 10/10 MP: 5/5
   353 | D:1      | Reached XP level 2. HP: 10/15 MP: 0/8
   695 | D:2      | Learned a level 2 spell: Throw Flame
   750 | D:2      | Reached XP level 3. HP: 16/19 MP: 8/11
   782 | D:2      | Reached skill level 4 in Spellcasting
   940 | D:2      | Found a stormy altar of Qazlal.
  1217 | D:2      | Reached XP level 4. HP: 24/24 MP: 13/15
  1259 | D:3      | Learned a level 4 spell: Sticky Flame
  1815 | D:3      | Reached XP level 5. HP: 28/28 MP: 16/18
  2045 | D:3      | Reached skill level 5 in Spellcasting
  2275 | D:4      | Reached skill level 5 in Fire Magic
  2412 | D:4      | Killed from afar by an orc wizard

Action                   |  1- 3 |  4- 6 || total
-------------------------+-------+-------++-------
Melee: Short sword       |     9 |       ||     9
       Unarmed           |     1 |       ||     1
       Hand axe          |       |    13 ||    13
Throw: Stone             |     1 |    18 ||    19
 Cast: Flame Tongue      |    69 |    95 ||   164
       Throw Flame       |     1 |     7 ||     8
       Sticky Flame      |       |     3 ||     3
  Use: Potion            |       |     6 ||     6
  Eat: Chunk             |       |     5 ||     5
